Map: Ascension to Aiur LE

Players

Denver - Winner!

  • Race: Zerg Zerg
  • Spawn Location: 11:00

EotenaS

  • Race: Terran Terran
  • Spawn Location: 5:00

Event: WCS Valencia 2017

VOD

Have the link to the VOD?

Description

Time

  • Played on: July 13, 2017, 6:42 a.m.
  • Length: 11:32

All games in this series

Show
View Real Time Build Order
Export as new Build Order

Denver Zerg - Winner!

Build Orders: Pool First, Swarm Host 

Get SALT Encoding   

  12  0:01  Drone  
  13  0:13  Overlord  
  13  0:18  Drone  
  14  0:33  Drone x2  
  16  0:37  Drone  
  16  0:40  Extractor  
  16  0:47  Drone  
  17  0:51  Spawning Pool  
  16  0:58  Drone  
  17  1:19  Hatchery  
  17  1:24  Drone  
  17  1:28  Drone  
  18  1:39  Metabolic Boost  
  18  1:45  Queen  
  20  1:49  Zergling x2  
  21  1:56  Overlord  
  21  2:08  Drone  
  22  2:15  Drone x2  
  24  2:21  Queen  
  26  2:26  Drone  
  27  2:42  Drone  
  28  2:46  Extractor  
  28  2:50  Hatchery, Drone x2  
  29  2:57  Drone x2  
  29  2:58  Drone  
  32  3:00  Drone  
  32  3:05  Overlord  
  33  3:10  Drone x2  
  35  3:16  Drone  
  36  3:23  Queen, Drone  
  39  3:28  Drone x2  
  39  3:30  Drone  
  39  3:31  Drone x2  
  44  3:37  Overlord  
  44  3:45  Overlord  
  44  3:48  Extractor  
  42  3:50  Drone  
  42  3:51  Overlord  
  42  3:54  Overlord  
  43  4:01  Queen x2  
  47  4:03  Drone x2  
  47  4:04  Drone  
  50  4:14  Drone x5  
  50  4:15  Drone  
  56  4:20  Queen  
  58  4:24  Zergling x2  
  58  4:25  Zergling x2  
  58  4:29  Baneling Nest  
  58  4:30  Zergling x2  
  60  4:34  Zergling x2  
  60  4:35  Zergling x4  
  63  4:41  Zergling x6  
  63  4:45  Lair  
  66  4:46  Extractor  
  66  4:48  Evolution Chamber  
  66  4:49  Drone  
  66  4:50  Evolution Chamber  
  64  4:54  Drone x2  
  64  4:55  Overlord  
  66  5:06  Drone x5  
  65  5:09  Drone x3  
  65  5:13  Drone x3  
  71  5:17  Spore Crawler  
  71  5:18  Spore Crawler  
  69  5:23  Spore Crawler  
  69  5:25  Drone x3  
  69  5:28  Overlord  
  71  5:31  Drone x2  
  73  5:37  Zerg Ground Armor Level 1  
  73  5:38  Zerg Melee Weapons Level 1  
  73  5:43  Overlord  
  73  5:46  Overseer  
  73  5:47  Drone x2  
  73  5:49  Drone  
  77  5:50  Drone  
  77  5:53  Drone x2  
  77  5:54  Drone  
  77  5:56  Overlord  
  80  5:58  Drone  
  80  5:59  Drone  
  82  6:05  Centrifical Hooks  
  82  6:08  Extractor, Drone x2  
  82  6:09  Drone x2, Hydralisk Den  
  82  6:11  Drone x2  
  85  6:14  Drone x2  
  88  6:20  Extractor  
  88  6:21  Extractor  
  88  6:23  Drone x7  
  93  6:27  Overlord  
  93  6:28  Overlord  
  93  6:34  Overlord  
  93  6:38  Hydralisk  
  95  6:43  Hydralisk  
  95  6:44  Hydralisk  
  95  6:46  Hatchery  
  98  6:47  Hydralisk x2  
  98  6:49  Overseer  
  98  6:53  Muscular Augments  
  102  6:57  Hydralisk x2  
  104  7:01  Hydralisk x2  
  104  7:03  Overlord  
  104  7:06  Hydralisk x2  
  111  7:09  Overlord  
  111  7:15  Overlord  
  111  7:16  Pneumatized Carapace  
  111  7:18  Hydralisk x2  
  111  7:20  Overlord  
  115  7:24  Infestation Pit  
  115  7:25  Drone x2  
  115  7:28  Drone  
  117  7:31  Overlord  
  117  7:32  Spore Crawler, Zerg Missile Weapons Level 1  
  116  7:38  Hydralisk  
  116  7:39  Hydralisk x3  
  116  7:43  Zergling x2  
  126  7:44  Zergling x8  
  126  7:45  Baneling  
  126  7:46  Baneling x2  
  126  7:47  Baneling x4  
  129  7:57  Overlord  
  129  8:01  Zerg Ground Armor Level 2  
  129  8:06  Queen  
  129  8:07  Extractor  
  129  8:08  Extractor  
  129  8:09  Swarm Host  
  129  8:10  Swarm Host x2  
  135  8:13  Drone x3  
  135  8:14  Drone x3  
  135  8:15  Overlord  
  135  8:16  Overlord x2  
  135  8:18  Overseer  
  141  8:21  Swarm Host  
  144  8:30  Hydralisk  
  144  8:31  Hydralisk x3  
  152  8:34  Overlord  
  152  8:38  Swarm Host x2  
  158  8:43  Swarm Host  
  158  8:46  Overlord  
  161  8:52  Swarm Host  
  161  8:53  Swarm Host  
  161  8:54  Swarm Host  
  170  9:01  Hatchery  
  169  9:02  Swarm Host  
  169  9:03  Swarm Host  
  169  9:04  Swarm Host  
  169  9:09  Zergling x2  
  179  9:10  Zergling x20  
  189  9:19  Hydralisk x4  
  197  9:24  Hive  
  197  9:27  Swarm Host  
  200  9:59  Hydralisk x2  
  199  10:01  Overseer  
  199  10:02  Overseer  
  195  10:16  Queen  
  197  10:24  Extractor  
  196  10:28  Extractor  
  196  10:34  Swarm Host x2  
  197  10:37  Overlord  
  197  10:42  Evolution Chamber  
  194  10:48  Swarm Host  
  194  10:49  Swarm Host x2  
  198  11:02  Swarm Host x2  
  199  11:09  Spore Crawler  
  198  11:14  Zergling x4  
  199  11:29  Spine Crawler  
  199  11:30  Spine Crawler  
  199  11:31  Spine Crawler  
Show
View Real Time Build Order
Export as new Build Order

EotenaS Terran 

Build Orders: Reaper Expand, Hellion Banshee, Mech 

Get SALT Encoding   

  12  0:01  SCV  
  13  0:13  SCV  
  14  0:17  Supply Depot  
  14  0:25  SCV  
  15  0:39  SCV  
  15  0:40  Barracks  
  16  0:45  Refinery  
  16  0:51  SCV  
  17  1:03  SCV  
  18  1:15  SCV  
  19  1:27  Orbital Command  
  19  1:29  Reaper  
  20  1:41  Command Center  
  20  1:55  SCV, Supply Depot  
  21  2:01  Marine  
  21  2:07  SCV  
  23  2:11  Factory  
  23  2:15  Refinery  
  23  2:19  SCV  
  24  2:29  Barracks Reactor  
  24  2:31  SCV  
  25  2:43  SCV  
  26  2:55  SCV  
  26  2:56  Orbital Command  
  26  3:05  Starport  
  26  3:12  SCV  
  29  3:24  SCV  
  29  3:25  SCV  
  29  3:27  Hellion x2  
  29  3:32  Barracks Tech Lab  
  33  3:36  SCV  
  33  3:37  SCV, Armory  
  35  3:43  Supply Depot  
  34  3:49  Hellion, SCV x2  
  37  4:01  SCV x2  
  39  4:03  Hellion  
  39  4:08  Banshee  
  44  4:12  Cloaking Field  
  44  4:13  SCV x2  
  44  4:16  Supply Depot  
  46  4:20  Hellion  
  48  4:25  SCV x2  
  48  4:27  Terran Vehicle Weapons Level 1  
  50  4:34  Hellion, Supply Depot  
  50  4:37  SCV x2  
  54  4:42  Hellion  
  56  4:49  SCV x2  
  58  4:54  Command Center  
  58  4:59  Hellion  
  60  5:01  SCV  
  60  5:02  SCV  
  60  5:03  Hellion  
  60  5:11  Banshee  
  60  5:13  SCV  
  60  5:14  SCV  
  61  5:18  Barracks Tech Lab, Factory  
  61  5:20  Hellion  
  63  5:21  Factory  
  63  5:23  Refinery  
  63  5:25  Refinery  
  63  5:30  Hellion  
  63  5:31  SCV  
  66  5:38  Supply Depot  
  66  5:41  Supply Depot  
  66  5:49  SCV  
  67  6:02  SCV x2  
  69  6:06  Hellion x2, Starport Reactor  
  69  6:07  Orbital Command  
  73  6:11  Supply Depot  
  73  6:12  Thor, Supply Depot  
  73  6:13  Supply Depot  
  73  6:14  SCV  
  80  6:19  SCV  
  81  6:27  SCV  
  81  6:29  Orbital Command  
  81  6:32  Thor, SCV  
  80  6:37  Refinery  
  80  6:38  Engineering Bay  
  80  6:39  SCV  
  87  6:40  Refinery  
  87  6:44  SCV  
  88  6:49  Hellion x2  
  88  6:51  SCV  
  88  6:52  Terran Vehicle Weapons Level 2  
  93  6:56  SCV  
  93  6:58  SCV  
  95  7:03  SCV, Cyclone  
  95  7:08  SCV  
  100  7:09  Viking  
  100  7:10  SCV  
  100  7:15  SCV  
  104  7:20  SCV  
  104  7:22  SCV  
  109  7:27  Hellion x2, SCV  
  114  7:32  Factory, SCV  
  114  7:33  Viking  
  114  7:34  SCV, Supply Depot  
  114  7:35  Supply Depot  
  118  7:39  SCV  
  118  7:43  Supply Depot  
  119  7:44  SCV  
  119  7:46  SCV  
  119  7:48  Missile Turret  
  119  7:49  Siege Tank x2, Missile Turret  
  124  7:51  SCV  
  124  7:52  Supply Depot x2  
  124  7:55  Hellion x2  
  124  7:56  SCV  
  130  7:58  SCV, Missile Turret  
  130  8:00  Missile Turret, Viking  
  130  8:03  Viking  
  135  8:10  Command Center  
  135  8:12  SCV x3  
  125  8:21  Factory Tech Lab  
  125  8:22  Siege Tank x2  
  125  8:23  Hellion  
  125  8:24  SCV x2  
  135  8:28  SCV, Supply Depot  
  135  8:29  Supply Depot  
  136  8:37  Hellion  
  136  8:40  Supply Depot x2  
  138  8:41  Siege Tank  
  138  8:42  Armory  
  141  8:50  Hellion  
  143  8:56  Viking  
  143  8:58  Viking  
  143  9:01  Command Center  
  147  9:03  Missile Turret  
  147  9:14  Thor  
  147  9:15  Siege Tank  
  147  9:17  Hellion x2  
  160  9:19  Siege Tank  
  163  9:27  Terran Vehicle And Ship Armor Level 1  
  163  9:44  Sensor Tower  
  163  9:49  Siege Tank  
  163  9:50  Hellion x2  
  165  10:10  Cyclone x2  
  147  10:34  Hellion x2  
  130  10:42  Siege Tank x2  
  115  10:58  Siege Tank, Hellion x2  
  115  10:59  Viking  
  114  11:16  SCV x2  
Tags
 
Add a new tag
Caveats
  • Supply blocks, unpowered buildings, or Contaminate may cause inaccurate times.
  • Supply counts are checked every 10 seconds.